 Dungeon Crawl Stone Soup version 0.32-a0-18-g89e19f1974 (webtiles) character file.

Game seed: 10308145527298611988

65 bobarctor the Changeling (level 3, -6/26 HPs)
             Began as a Demonspawn Shapeshifter on Jan 17, 2024.
             Mangled by a +4 dagger "Sisaenin" {spect, ^Drain rCorr Dex+5} (9 damage)
             ... created by Terence
             ... on level 2 of the Dungeon.
             The game lasted 00:05:03 (950 turns).

bobarctor the Changeling (Demonspawn Shapeshifter)   Turns: 950, Time: 00:05:04

Health: -6/26      AC:  2    Str: 16    XL:     3   Next: 94%
Magic:  3/3        EV: 12    Int: 16    God:
Gold:   45         SH:  0    Dex: 12    Spells: 2/2 levels left

rFire   . .          .
                       - Unarmed
rCold   . . .        (no shield)
rNeg    . . .        a - +0 animal skin
rPois   .            (helmet currently unavailable)
rElec   .            (cloak currently unavailable)
rCorr   .            (gloves currently unavailable)
SInv    .            (boots currently unavailable)
Will    .....        (no amulet)
Stlth   +            p - +6 ring of intelligence
HPRegen 0.24/turn    (no ring)
MPRegen 0.08/turn

%: no passive effects
@: beast-form
A: beast (slay +1), weakness stinger 1
a: Begin Untransformation


You were on level 2 of the Dungeon.
You were a hulking beast.
You visited 1 branch of the dungeon, and saw 2 of its levels.

You collected 45 gold pieces.

Inventory:

Hand Weapons
 e - a +2 longbow of electrocution
Armour
 a - a +0 animal skin (worn)
Jewellery
 p - a +6 ring of intelligence (left hand)
Talismans
 c - a beast talisman
 d - a flux talisman
Scrolls
 f - 2 scrolls of blinking {unknown}
 k - 2 scrolls of revelation {unknown}
 m - 5 scrolls of identify {unknown}
 o - a scroll of silence {unknown}
Potions
 b - a potion of lignification
 h - a potion of haste
 l - a potion of might {unknown}


   Skills:
 + Level 1.6 Fighting
 + Level 0.5 Throwing
 + Level 2.1 Dodging
 * Level 3.2 Unarmed Combat
 * Level 3.3 Shapeshifting


You had 2 spell levels left.
You didn't know any spells.
Your spell library contained the following spells:

 Spells                   Type           Power      Damage    Failure   Level
 Alistair's Intoxication  Alch           0%         N/A       100%        5
 Borgnjor's Vile Clutch   Necr/Erth      0%         N/A       100%        5
 Eringya's Noxious Bog    Alch           0%         4d6       100%        6


Dungeon Overview and Level Annotations

Branches:
Dungeon (2/15)

Altars:

Annotations:
D:2 Terence


Innate Abilities, Weirdness & Mutations

You are a hulking beast.
Your limbs bulge with bestial killing power. (Slay +1)
You have a small tail.


Message History

Terence struggles against the net.
You hit Terence.
Terence is lightly wounded.
Terence struggles against the net.
You catch the helpless Terence completely off-guard!
You hit Terence.
Terence is moderately wounded.
Terence struggles against the net.
You hit Terence.
Terence is moderately wounded.
Terence struggles against the net.
The net rips apart, and Terence comes free!
You closely miss Terence. You punch Terence, but do no damage.
Terence is moderately wounded.
Terence closely misses you.
The +4 dagger "Sisaenin" {spect, ^Drain rCorr Dex+5} barely misses you.
A +4 dagger "Sisaenin" {spect, ^Drain rCorr Dex+5} comes into view.
You hit Terence but do no damage.
Terence is moderately wounded.
The +4 dagger "Sisaenin" {spect, ^Drain rCorr Dex+5} hits you!
Terence hits you with the +4 dagger "Sisaenin" {spect, ^Drain rCorr Dex+5}.
The +4 dagger "Sisaenin" {spect, ^Drain rCorr Dex+5} hits you.
There is a stone staircase leading up here.
The +4 dagger "Sisaenin" {spect, ^Drain rCorr Dex+5} disappears.
Terence attacks as he pursues you! Terence closely misses you.
The +4 dagger "Sisaenin" {spect, ^Drain rCorr Dex+5} hits you!
* * * LOW HITPOINT WARNING * * *
A +4 dagger "Sisaenin" {spect, ^Drain rCorr Dex+5} comes into view.
Things that are here:
a +0 club; a dart slug corpse; a goblin skeleton
As you read the scroll labelled CUSUSEEPPO, it crumbles to dust.
The creatures around you are filled with an inner flame!
It was a scroll of immolation.
Terence barely misses you.
The +4 dagger "Sisaenin" {spect, ^Drain rCorr Dex+5} hits you.
* * * LOW HITPOINT WARNING * * *
As you read the scroll labelled WURRO NAUSKYTI, it crumbles to dust.
It is a scroll of amnesia.
You feel forgetful for a moment. Terence misses you.
The +4 dagger "Sisaenin" {spect, ^Drain rCorr Dex+5} hits you!
You die...

#..........##..##....
###...................
#...........###.....
#........#...##.....
#..###.###........#
####.###.####.......##
###>.........##.#......#
........@....##......#.
.............##)h#.....
.............##(@###...
.............##..######
.....#####.).......#
.....# ##........#
.....# #........# ....##
#...|....## ...##
###.......# ####
#.......#


You could see a +4 dagger "Sisaenin" {spect, ^Drain rCorr Dex+5} (wandering) and
Terence (inner flame).

Vanquished Creatures
  2 adders
  A dart slug (D:2)
  3 endoplasms (D:1)
  A giant cockroach (D:1)
  5 goblins
  6 hobgoblins
  2 jackals (D:1)
  3 kobolds
  A quokka (D:1)
  3 ball pythons (D:1)
  2 bats
  11 frilled lizards
  3 rats
43 creatures vanquished.

Notes
Turn   | Place    | Note
-------+----------+-------------------------------------------
     0 | D:1      | bobarctor the Demonspawn Shapeshifter began the quest for
                  | the Orb.
     0 | D:1      | Reached XP level 1. HP: 15/15 MP: 1/1
    71 | D:1      | Gained mutation: You have a small tail. [demonic ancestry]
    71 | D:1      | Reached XP level 2. HP: 21/21 MP: 2/2
   411 | D:1      | Reached XP level 3. HP: 26/26 MP: 3/3
   531 | D:2      | Noticed Terence
   596 | D:1      | HP: 1/26 [poisoned by an adder]
   816 | D:2      | Identified the +4 dagger "Sisaenin" {spect, ^Drain rCorr
                  | Dex+5}
   950 | D:2      | Mangled by a +4 dagger "Sisaenin" {spect, ^Drain rCorr
                  | Dex+5}

Illustrated notes

Levels and vault maps discovered:
D:1:      minmay_arrival_three_doors, layout_rooms, minmay_lizard_king
D:2:      layout_rooms, uniq_robin, uniq_terence

Skill      XL: |  1  2 |
---------------+-------+-----
Dodging        | 2 |  2.1
Shapeshifting  | 3 |  3.3
Unarmed Combat | 3 |  3.2
Fighting       | |  1.6
Throwing       | |  0.5

Action                     || total
---------------------------++-------
  Melee: Unarmed           ||   111
         Punch             ||     3
         Tailslap          ||    13
  Throw: Throwing net      ||     1
    Use: Scroll            ||     2
         Potion            ||     2
   Stab: Held in net/web   ||     1
 Armour: Animal skin       ||    55
  Dodge: Dodged            ||    99

Table legend: (Time is in decaauts)
 A = Elapsed time spent in this place.
 B = Non-inter-level travel time spent in this place.
 C = Inter-level travel time spent in this place.
 D = Time resting spent in this place.
 E = Time spent auto-exploring this place.
 F = Levels seen in this place.
 G = Mean time per level.
                   A        B        C        D        E       F      G
               +--------+--------+--------+--------+--------+-----+--------+
         Total |    927 |    921 |      6 |    232 |    333 |   2 |  463.5 |
       Dungeon |    927 |    921 |      6 |    232 |    333 |   2 |  463.5 |
               +--------+--------+--------+--------+--------+-----+--------+

Top non-repeatable levels by time:
     D:1: 714 daAuts
     D:2: 213 daAuts
